 Dungeon Crawl Stone Soup version 0.28.0-45-g0d030f2227 (webtiles) character file.

Game seed: 1505196782639989386

329 pkoi the Gusty (level 6, -4/45 HPs)
             Began as a Demigod Air Elementalist on Apr 25, 2022.
             Asphyxiated
             ... on level 4 of the Dungeon.
             The game lasted 00:04:14 (5534 turns).

pkoi the Gusty (Demigod Air Elementalist)           Turns: 5534, Time: 00:04:15

Health: -4/45      AC:  3    Str:  9    XL:     6   Next: 4%
Magic:  4/11       EV: 12    Int: 25    God:
Gold:   123        SH:  0    Dex: 14    Spells: 2/8 levels left

rFire   . . .      SeeInvis .   l - +3 quarterstaff (vorpal)
rCold   . . .      Faith    .   (shield currently unavailable)
rNeg    . . .      Spirit   .   a - +0 robe
rPois   .          Reflect  .   (no helmet)
rElec   .          Harm     .   d - scarf {+Inv}
rCorr   .          Rampage  .   c - +0 pair of gloves
Will    .....                   (no boots)
Stlth   ++........              (no amulet)
HPRegen 0.15/turn               (no ring)
MPRegen 0.12/turn               (no ring)

@: lethally poisoned (-4 -> -18)
A: high MP 1, forlorn, divine attributes
a: Evoke Invisibility


You were on level 4 of the Dungeon.
You visited 1 branch of the dungeon, and saw 4 of its levels.

You collected 123 gold pieces.

Inventory:

Hand Weapons
 k - a +0 whip
 l - a +3 vorpal quarterstaff (weapon)
 r - a +1 morningstar of flaming
Missiles
 i - 2 boomerangs
Armour
 a - a +0 robe (worn)
 c - a +0 pair of gloves (worn)
 d - a scarf of invisibility (worn)
Wands
 n - a wand of digging (5)
 q - a wand of polymorph (3)
Scrolls
 f - 2 scrolls of identify
 g - a scroll of teleportation
Potions
 b - a potion of curing {unknown}
 e - a potion of invisibility {unknown}
 m - a potion of berserk rage
 u - 2 potions of brilliance {unknown}


   Skills:
 - Level 1.7 Dodging
 - Level 1.7 Stealth
 - Level 1.7 Spellcasting
 - Level 0.8 Conjurations
 + Level 6.5 Air Magic


You had 2 spell levels left.
You knew the following spells:

 Your Spells              Type           Power      Damage    Failure   Level
a - Shock                 Conj/Air       80%        1d8       2%          1
b - Static Discharge      Conj/Air       20%        N/A       3%          2
c - Swiftness             Air            34%        N/A       2%          3

Your spell library contained the following spells:

 Spells                   Type           Power      Damage    Failure   Level
 Airstrike                Air            17%        N/A       8%          4


Dungeon Overview and Level Annotations

Branches:
Dungeon (4/15)
 Temple: D:4-7

Shops:
D:4 !

Annotations:
D:2 Sigmund


Innate Abilities, Weirdness & Mutations

You have an increased reservoir of magic. (+10% MP)
You shall have no god before yourself.
Your divine heritage dramatically boosts your attributes as you level up.


Message History

The kobold brigand is moderately wounded.
The lightning grounds out.
The centaur is struck by an arc of lightning.
The centaur is moderately wounded.
You are struck by an arc of lightning.
* * * LOW HITPOINT WARNING * * *
The lightning grounds out.
The kobold brigand hits you with a +0 whip.
* * * LOW HITPOINT WARNING * * *
The centaur barely misses you. The centaur kicks you.
* * * LOW HITPOINT WARNING * * *
Unknown command.
Casting: Static Discharge (safe; 5% risk of failure)
Confirm with . or Enter, or press ? or * to list all spells.
The centaur is struck by an arc of lightning!
The centaur is severely wounded.
The lightning grounds out.
The centaur hits you.
* * * LOW HITPOINT WARNING * * *
The centaur barely misses you. The kobold brigand misses you.
The centaur barely misses you. The centaur misses you.
Unknown command.
Unknown command.
Casting: Static Discharge (safe; 5% risk of failure)
Confirm with . or Enter, or press ? or * to list all spells.
The centaur is struck by an arc of lightning!
The centaur is almost dead.
The kobold brigand is struck by an arc of lightning.
The kobold brigand is moderately wounded.
The centaur is struck by an arc of lightning.
You kill the centaur!
The lightning grounds out.
The kobold brigand closely misses you.
You have reached level 6!
Your experience leads to a dramatic increase in your attributes!
Increase (S)trength, (I)ntelligence, or (D)exterity?
You feel clever. x4
The kobold brigand throws a curare-tipped dart.
The curare-tipped dart hits you.
You are lethally poisoned!
You have difficulty breathing.
You die...

#...##....# #.....
#...##...#####.....
#...##...#.........
#...##...#.........
##...##...'.........
#....##...#.........
#....##...#.........
##....#...+.........
#.@<.'...#.........
#'######+#.........
#.K)................
#...................
#.......). ........
#......... ........
+......... ........
#......... ........
#......... ........


You could see a kobold brigand.

Vanquished Creatures
  A centaur (D:4)
  An orc priest (D:4)
  Terence (D:2)
  An iguana (D:4)
  An orc wizard (D:3)
  3 gnolls (D:3)
  3 adders (D:3)
  2 worms (D:2)
  2 dart slugs (D:1)
  3 orcs (D:4)
  6 ball pythons
  8 endoplasms
  3 giant cockroaches
  4 goblins
  9 hobgoblins
  7 jackals
  6 kobolds
  2 quokkas (D:3)
  5 bats
  4 frilled lizards
  5 rats
77 creatures vanquished.

Notes
Turn   | Place    | Note
-------+----------+-------------------------------------------
     0 | D:1      | pkoi the Demigod Air Elementalist began the quest for the
                  | Orb.
     0 | D:1      | Reached XP level 1. HP: 14/14 MP: 5/5
   353 | D:1      | Reached skill level 3 in Air Magic
   796 | D:1      | Reached XP level 2. HP: 20/20 MP: 2/7
  1782 | D:2      | Reached XP level 3. HP: 23/26 MP: 8/8
  1882 | D:2      | Noticed Terence
  1919 | D:2      | Reached skill level 4 in Air Magic
  2722 | D:2      | Killed Terence
  2804 | D:2      | Noticed Sigmund
  2971 | D:3      | Reached XP level 4. HP: 33/33 MP: 6/9
  3346 | D:3      | Reached skill level 5 in Air Magic
  4352 | D:4      | Reached XP level 5. HP: 38/38 MP: 6/10
  4698 | D:3      | Learned a level 3 spell: Swiftness
  4701 | D:3      | Learned a level 2 spell: Static Discharge
  4859 | D:4      | Found Rickapum's Distillery.
  5084 | D:4      | Reached skill level 6 in Air Magic
  5526 | D:4      | Noticed a centaur
  5533 | D:4      | Killed a centaur
  5534 | D:4      | Reached XP level 6. HP: 3/45 MP: 4/11
  5534 | D:4      | Asphyxiated

Illustrated notes

Levels and vault maps discovered:
D:1:      dpeg_arrival_renting, layout_basic, shapermc_ecumenical_altar_venn,
          minmay_quantized
D:2:      layout_loops_ring, basic_altar, minmay_puff, uniq_terence,
          uniq_sigmund
D:3:      layout_basic
D:4:      layout_gridville, serial_shops, nicolae_shop_behind_doors, shop, shop,
          shop, uniq_ijyb

Skill      XL: |  1  2  3  4  5 |
---------------+----------------+-----
Air Magic      | 3 4 5 6 |  6.5
Dodging        | |  1.7
Stealth        | |  1.7
Spellcasting   | |  1.7
Conjurations   | |  0.8

Action                   |  1- 3 |  4- 6 || total
-------------------------+-------+-------++-------
Melee: Unarmed           |     2 |       ||     2
       Whip              |     5 |       ||     5
       Quarterstaff      |     3 |       ||     3
       Morningstar       |       |    16 ||    16
       Punch             |       |     1 ||     1
 Cast: Shock             |    87 |    70 ||   157
       Static Discharge  |       |     6 ||     6
  Use: Scroll            |       |     9 ||     9
Armor: Robe              |     3 |     5 ||     8
Dodge: Dodged            |    11 |    30 ||    41
